 Dungeon Crawl Stone Soup version 0.30-a0-605-gb2882149bf (webtiles) character file.

Game seed: 5341615604910369734

34 OTABOTABOTAB the Insei (level 3, 0/23 HPs)
             Began as an Octopode Transmuter on Jan 7, 2023.
             Slain by Crazy Yiuf
             ... wielding a +3 quarterstaff of chaos
              (6 damage)
             ... on level 2 of the Dungeon.
             The game lasted 00:02:36 (1208 turns).

OTABOTABOTAB the Insei (Octopode Transmuter)        Turns: 1208, Time: 00:02:37

Health: 0/23       AC:  1    Str:  9    XL:     3   Next: 31%
Magic:  5/6        EV: 13    Int: 17    God:
Gold:   133        SH:  0    Dex: 12    Spells: 3/6 levels left

rFire   . . .      SeeInvis .      - Unarmed
rCold   . . .      Faith    .    (no shield)
rNeg    . . .      Spirit   .    (helmet currently unavailable)
rPois   .          Reflect  .    (no amulet)
rElec   .          Harm     .    (no ring)
rCorr   .          Rampage  .    (no ring)
Will    .....                    (no ring)
Stlth   ++                       (no ring)
HPRegen 0.23/turn                (no ring)
MPRegen 0.10/turn                (no ring)
                                 (no ring)
                                 (no ring)

@: appendages (expiring)
A: tentacle spike 3, almost no armour, amphibious, 8 rings, camouflage 1,
gelatinous body 1, (nimble swimmer 1), tentacles
a: End Transformation


You were on level 2 of the Dungeon.
One of your tentacles had grown a beastly spike.
You visited 1 branch of the dungeon, and saw 2 of its levels.

You collected 133 gold pieces.

Inventory:

Jewellery
 m - the ring "Ducsomum" {Ice MP+9 Str-4 Dex+5}
   (You found it on level 2 of the Dungeon)

   [ring of ice]

   It enhances your ice magic.
   Str:       It affects your strength (-4).
   Dex:       It affects your dexterity (+5).
   rF:        It makes you vulnerable to fire.
   rC:        It protects you from cold.
   MP:        It affects your magic capacity (+9).
Scrolls
 c - a scroll of enchant armour {unknown}
 f - a scroll of identify {unknown}
 g - a scroll of brand weapon {unknown}
 h - a scroll of amnesia {unknown}
 i - a scroll of teleportation {unknown}
 j - a scroll of butterflies {unknown}
 k - a scroll of immolation {unknown}
 l - a scroll of vulnerability {unknown}
Potions
 a - 2 potions of lignification {!q}
 b - 3 potions of curing {unknown}
 d - a potion of heal wounds {unknown}
 e - 2 potions of brilliance {unknown}


   Skills:
 - Level 1.0 Fighting
 - Level 2.0 Dodging
 + Level 3.4 Unarmed Combat
 - Level 2.0 Spellcasting
 + Level 2.6 Transmutations
 + Level 1.8 Poison Magic


You had 3 spell levels left.
You knew the following spells:

 Your Spells              Type           Power      Damage    Failure   Level
a - Beastly Appendage     Tmut           20%        N/A       7%          1
b - Wereblood             Tmut           10%        N/A       10%         2

Your spell library contained the following spells:

 Spells                   Type           Power      Damage    Failure   Level
 Spider Form              Tmut/Pois      9%         N/A       24%         3
 Ice Form                 Ice/Tmut       6%         N/A       75%         4


Dungeon Overview and Level Annotations

Branches:
Dungeon (2/15)

Altars:
Wu Jian

Annotations:
D:2 Crazy Yiuf


Innate Abilities, Weirdness & Mutations

One of your tentacles has grown a beastly spike.
You cannot wear most types of armour.
You are amphibious.
You can wear up to eight rings at the same time.
Your skin changes colour to match your surroundings (Stealth+).
Your rubbery body absorbs attacks. (AC +1, EV +1)
((You are camouflaged when in or above water. (Stealth+)))
You have tentacles for arms and can constrict up to eight enemies at once.


Message History

Your tentacle spike disappears.
Found a stone staircase leading down.
Health restored: 23; MP restored: 6 You now have 109 gold pieces (gained 12).
You now have 122 gold pieces (gained 13).
Found a stone staircase leading up.
You open the door.
A kobold comes into view. It is wielding a +0 dagger.
There is an open door here.
One of your tentacles grows a vicious spike.
You now have 5/6 mp.
You closely miss the kobold. You grab the kobold.
Your tentacle spike misses the kobold.
You constrict the kobold. The kobold hits you but does no damage.
Unknown command.
You tentacle-slap the kobold but do no damage.
You squeeze the kobold.
You kill the kobold!
No target in view!
No target in view!
Your tentacle spike disappears.
Found an escape hatch in the ceiling.
Things that are here:
a +0 dagger; a kobold corpse; MP restored: 6 You open the door.
There is an open door here.
You open the door.
A kobold comes into view. It is wielding a +0 dagger.
A kobold is nearby!
A rat comes into view.
Found a stone staircase leading up.
There is an open door here.
One of your tentacles grows a vicious spike.
You now have 5/6 mp.
You barely miss the rat. You grab the rat. You constrict the rat.
The rat bites you.
You take 1 damage, and have 22/23 hp.
You tentacle-slap the rat.
You kill the rat!
You closely miss the kobold. You grab the kobold.
You pierce the kobold, but do no damage.
You constrict the kobold. The kobold closely misses you.
Unknown command.
You tentacle-slap the kobold.
You kill the kobold!
No target in view!
Your tentacle spike disappears.
Health restored: 23 You see here a +0 dagger.
Found a stone staircase leading down.
MP restored: 6 A giant cockroach comes into view.
A giant cockroach is nearby!
There is a stone staircase leading down here.
One of your tentacles grows a vicious spike.
You now have 5/6 mp.
Unknown command.
Your transformation is almost over.
The giant cockroach barely misses you.
You tentacle-slap the giant cockroach but do no damage.
You grab the giant cockroach.
Your tentacle spike misses the giant cockroach.
You constrict the giant cockroach, but do no damage.
The giant cockroach bites you.
You take 2 damage, and have 21/23 hp.
You tentacle-slap the giant cockroach but do no damage.
You pierce the giant cockroach.
You squeeze the giant cockroach.
You kill the giant cockroach!
No target in view!
No target in view!
m - the ring "Ducsomum" {Ice MP+9 Str-4 Dex+5} Health restored: 23; MP restored: 6 Your tentacle spike disappears.
A ball python comes into view.
One of your tentacles grows a vicious spike.
You now have 5/6 mp.
The helpless ball python fails to defend itself.
You tentacle-slap the ball python. You grab the ball python.
You pierce the ball python.
You kill the ball python!
No target in view!
Your tentacle spike disappears.
You now have 125 gold pieces (gained 3).
You now have 133 gold pieces (gained 8).
You're in a travel-excluded area, stopping explore.
MP restored: 6 Unknown command.
One of your tentacles grows a vicious spike.
You now have 5/6 mp.
You open the door.
There is an open translucent door here.
Your transformation is almost over.
The helpless Crazy Yiuf fails to defend himself.
You tentacle-slap Crazy Yiuf. Your grab misses Crazy Yiuf.
You pierce Crazy Yiuf.
Crazy Yiuf hits you with a +3 quarterstaff of chaos!
Ouch! That really hurt!
* * * LOW HITPOINT WARNING * * *
Crazy Yiuf freezes you.
You die...

#...........# #...........###
#.............#
#############.## #..# ##.#
##### ♣###.# #)..#♣♣ ♣♣♣.#..#
#g@.'.♣♣♣♣......#
#...#♣..♣......## #######
#####♣♣♣.♣...### #.....#
♣♣♣♣♣## #.....# #.....#
########## #.....#
#.##.....## #.....#
###'#.......#
####.....########...........#


You could see Crazy Yiuf.

Vanquished Creatures
  4 bats (D:1)
  2 endoplasms (D:1)
  A giant cockroach (D:2)
  4 goblins
  A hobgoblin (D:1)
  4 jackals (D:2)
  2 quokkas (D:1)
  6 ball pythons
  A frilled lizard (D:1)
  3 kobolds
  3 rats
31 creatures vanquished.

Notes
Turn   | Place    | Note
-------+----------+-------------------------------------------
     0 | D:1      | OTABOTABOTAB the Octopode Transmuter began the quest for
                  | the Orb.
     0 | D:1      | Reached XP level 1. HP: 13/13 MP: 3/3
   115 | D:1      | Reached skill level 1 in Poison Magic
   115 | D:1      | Reached XP level 2. HP: 8/18 MP: 3/5
   160 | D:1      | Learned a level 2 spell: Wereblood
   682 | D:2      | Found an ornate altar of the Wu Jian Council.
   859 | D:2      | Reached XP level 3. HP: 17/23 MP: 4/6
  1150 | D:2      | Identified the ring "Ducsomum" {Ice MP+9 Str-4 Dex+5}
  1199 | D:2      | Found a runed translucent door.
  1200 | D:2      | Noticed Crazy Yiuf
  1208 | D:2      | Slain by Crazy Yiuf

Illustrated notes

Levels and vault maps discovered:
D:1:      onia_arrival_pentagram, layout_rooms, minmay_misc_feat_diagonals
D:2:      layout_basic, basic_altar, uniq_crazy_yiuf_cottage

Skill      XL: |  1 |
---------------+----+-----
Poison Magic   | 1 |  1.8
Fighting       | |  1.0
Dodging        | |  2.0
Unarmed Combat | |  3.4
Spellcasting   | |  2.0
Transmutations | |  2.6

Action                   || total
-------------------------++-------
Melee: Unarmed           ||    54
       Kick              ||    20
       Constrict         ||    20
       Tentacles         ||     9
 Cast: Beastly Appendage ||    19
 Abil: End Transformatio ||    16
 Stab: Sleeping          ||     5
Armor: Skin              ||     6
Dodge: Dodged            ||    18

Table legend: (Time is in decaauts)
 A = Elapsed time spent in this place.
 B = Non-inter-level travel time spent in this place.
 C = Inter-level travel time spent in this place.
 D = Time resting spent in this place.
 E = Time spent auto-exploring this place.
 F = Levels seen in this place.
 G = Mean time per level.
                   A        B        C        D        E       F      G
               +--------+--------+--------+--------+--------+-----+--------+
         Total |   1204 |   1179 |     25 |      0 |    965 |   2 |  602.0 |
       Dungeon |   1204 |   1179 |     25 |      0 |    965 |   2 |  602.0 |
               +--------+--------+--------+--------+--------+-----+--------+

Top non-repeatable levels by time:
     D:1: 615 daAuts
     D:2: 588 daAuts

Table legend:
 A = Kills in this place as a percentage of kills in entire the game.
 B = Kills by you in this place as a percentage of kills by you in the entire game.
 C = Kills by friends in this place as a percentage of kills by friends in the entire game.
 D = Other kills in this place as a percentage of other kills in the entire game.
 E = Experience gained in this place as a percentage of experience gained in the entire game.
 F = Experience gained in this place divided by the number of levels of this place that you have seen.
                   A       B       C       D       E      F
               +-------+-------+-------+-------+-------+----------------------
         Total | 100.0 | 100.0 |   N/A |   N/A | 100.0 |  24.5
       Dungeon | 100.0 | 100.0 |   N/A |   N/A | 100.0 |  24.5
               +-------+-------+-------+-------+-------+----------------------
